 Dungeon Crawl Stone Soup version 0.31-a0-920-g28cbb04a8c (webtiles) character file.

Game seed: 11764086197468720320

581 Azuregosa the Covert (level 7, -5/46 HPs)
             Began as an Octopode Delver on Oct 17, 2023.
             Was an Initiate of Hepliaklqana.
             Killed by nerve-wracking pain
             ... invoked by an orc priest
              (10 damage)
             ... on level 3 of the Dungeon.
             The game lasted 00:09:10 (1094 turns).

Azuregosa the Covert (Octopode Delver)              Turns: 1094, Time: 00:09:13

Health: -5/46      AC:  1    Str: 11    XL:     7   Next: 36%
Magic:  7/7        EV: 17    Int: 12    God:    Hepliaklqana [......]
Gold:   39         SH:  0    Dex: 16    Spells: 6/6 levels left

rFire   . . .        h - +0 glaive
rCold   . . .        (shield currently unavailable)
rNeg    . . .        (helmet restricted)
rPois   .            (no amulet)
rElec   .            (no ring)
rCorr   .            (no ring)
SInv    .            (no ring)
Will    .....        (no ring)
Stlth   +++++        (no ring)
HPRegen 0.27/turn    (no ring)
MPRegen 0.10/turn    (no ring)
                     (no ring)

%: no passive effects
@: no status effects
A: almost no armour, amphibious, 8 rings, camouflage 1, gelatinous body 1,
(nimble swimmer 1), tentacles
a: Renounce Religion


You were on level 3 of the Dungeon.
You worshipped Hepliaklqana.
Hepliaklqana was noncommittal.
You visited 2 branches of the dungeon, and saw 6 of its levels.

You collected 39 gold pieces.

Inventory:

Hand Weapons
 a - a +0 spear
 g - a +0 great sword
 h - a +0 glaive (weapon)
 k - a +2 falchion of holy wrath
Missiles
 i - 7 stones
Armour
 j - a scarf of repulsion
Wands
 f - a wand of digging (3)
Scrolls
 b - a scroll of fog
 c - 2 scrolls of vulnerability {unknown}
Potions
 e - a potion of haste
 l - a potion of curing {unknown}


   Skills:
 - Level 3.0 Fighting
 - Level 2.0 Polearms
 + Level 7.3 Dodging
 - Level 8.0 Stealth


You had 6 spell levels left.
You didn't know any spells.
Your spell library contained the following spells:

 Spells                   Type           Power      Damage    Failure   Level
 Necrotise                Necr           0%         1d4       32%         1
 Vampiric Draining        Necr           0%         2d6       69%         3
 Agony                    Necr           0%         N/A       100%        5


Dungeon Overview and Level Annotations

Branches:
Dungeon (7/15)             Temple (1/1) D:5

Altars:
Cheibriados
Hepliaklqana
Kikubaaqudgha
Makhleb
Okawaru
Qazlal
Trog
Xom
Yredelemnul
The Shining One


Innate Abilities, Weirdness & Mutations

You cannot wear most types of armour.
You are amphibious.
You can wear up to eight rings at the same time.
Your skin changes colour to match your surroundings (Stealth+).
Your rubbery body absorbs attacks. (AC +1, EV +1)
((You are camouflaged when in or above water. (Stealth+)))
You have tentacles for arms and can constrict up to eight enemies at once.


Message History

The ufetubus misses you. The ufetubus barely misses you.
The ufetubus closely misses you. The ufetubus hits you. x2
* * * LOW HITPOINT WARNING * * *
The ufetubus barely misses you.
You barely miss the ufetubus. Your grab misses the ufetubus.
The ufetubus is severely wounded.
The ufetubus hits you.
* * * LOW HITPOINT WARNING * * *
The ufetubus hits you.
* * * LOW HITPOINT WARNING * * *
The ufetubus closely misses you. The ufetubus misses you.
The ufetubus closely misses you. The ufetubus hits you.
* * * LOW HITPOINT WARNING * * *
The ufetubus hits you.
* * * LOW HITPOINT WARNING * * *
The ufetubus barely misses you.
As you read the scroll of fear, it crumbles to dust.
You assume a fearsome visage.
The ufetubus looks frightened! x2
Cornered, the ufetubus turns to fight!
You see here a +0 pair of gloves.
There is a stone staircase leading up here.
You climb upwards.
There is a stone staircase leading down here.
The orc shouts! x2; The orc priest shouts!
The orc shouts!
The orc priest attacks as it pursues you!
The orc priest misses you.
The orc priest attacks as it pursues you!
The orc priest hits you with a +0 whip.
* * * LOW HITPOINT WARNING * * *
You hit the orc priest. You grab the orc priest.
The orc priest is lightly wounded.
You constrict the orc priest, but do no damage.
The orc priest closely misses you.
You hit the orc priest.
You squeeze the orc priest, but do no damage.
The orc priest is lightly wounded.
You constrict the orc priest, but do no damage.
The orc priest mumbles some strange prayers to Beogh against you.
Pain shoots through your body!
You die...

........(.##..###
#####.........#
##.####...# #.
?...# .. ...#.#
### ###...#
###+## #...#
#.....#####...#
#.......o@....#
#......o###...#
#.....o.# ###
####..>o# #..o.#
#...o# #....#
#....# ######


You could see an orc priest and 2 orcs.

Vanquished Creatures
  Prince Ribbit (D:5)
  An ogre (D:5)
  2 scorpions
  4 hounds (D:6)
  An iguana (D:5)
  2 gnolls
  3 adders
  A worm (D:3)
  2 orcs
  A giant cockroach (D:4)
  A hobgoblin (D:4)
  7 jackals
26 creatures vanquished.

Notes
Turn   | Place    | Note
-------+----------+-------------------------------------------
     0 | D:5      | Azuregosa the Octopode Delver began the quest for the Orb.
     0 | D:5      | Reached XP level 1. HP: 16/16 MP: 1/1
     1 | D:6      | Noticed a hound
    12 | D:6      | Killed a hound
    13 | D:6      | Reached skill level 7 in Stealth
    13 | D:6      | Reached XP level 2. HP: 15/21 MP: 2/2
    13 | D:6      | Reached XP level 3. HP: 19/26 MP: 3/3
    85 | D:6      | Reached skill level 8 in Stealth
    90 | D:7      | Noticed a kobold brigand
   104 | D:6      | Reached XP level 4. HP: 17/31 MP: 4/4
   229 | D:6      | Noticed a scorpion
   232 | D:6      | Killed a scorpion
   233 | D:6      | Reached XP level 5. HP: 31/36 MP: 5/5
   236 | D:6      | Found a glowing golden altar of the Shining One.
   320 | D:7      | Noticed a kobold brigand
   408 | D:5      | Noticed an ogre
   413 | D:5      | Killed an ogre
   414 | D:5      | Reached skill level 5 in Dodging
   414 | D:5      | Reached XP level 6. HP: 20/42 MP: 6/6
   554 | D:5      | Found a staircase to the Ecumenical Temple.
   566 | Temple   | Entered the Ecumenical Temple
   574 | Temple   | Became a worshipper of Hepliaklqana the Forgotten
   587 | D:5      | Noticed an ice beast
   665 | D:5      | Noticed Prince Ribbit
   672 | D:5      | Killed Prince Ribbit
   673 | D:5      | Reached XP level 7. HP: 24/46 MP: 7/7
   805 | D:3      | Found an iron altar of Okawaru.
  1045 | D:4      | Found a bloodstained altar of Trog.
  1075 | D:4      | HP: 2/46 [ufetubus (1)]
  1094 | D:3      | Killed from afar by an orc priest

Illustrated notes

Levels and vault maps discovered:
D:3:      minmay_wonky_spiral, layout_basic, okawaru_ov_weapons_minmay,
          nicolae_overflow_hidden_temple
D:4:      nicolae_cairo_tiling_very_big, layout_rooms,
          nicolae_ru_the_path_less_chosen, pdpol_wu_jian_five_deadly_venoms,
          elyvilon_altar_1, mainiacjoe_overflow_cross_hatched,
          minmay_misc_feat_doors
D:5:      minmay_angry_zag, layout_basic, minmay_temple_entry_statues_pillars,
          serial_bayou_ford_a, uniq_prince_ribbit1
D:6:      layout_basic, grunt_gozag_statues, mainiacjoe_overflow_alcove_4,
          hangedman_feature_mirror, columned_hall_lemuel, uniq_sigmund
D:7:      layout_layer_cave, enter_bailey_3
Temple:   nicolae_temple_little_seven

Skill      XL: |  1  2  3  4  5  6 |
---------------+-------------------+-----
Stealth        | 7 8 |  8.0
Dodging        | 4 5 7 |  7.3
Fighting       | |  3.0
Polearms       | |  2.0

Action                     |  1- 3 |  4- 6 |  7- 9 || total
---------------------------+-------+-------+-------++-------
  Melee: Spear             |    13 |       |       ||    13
         Tentacles         |     3 |     5 |     6 ||    14
         Constrict         |     3 |     4 |     8 ||    15
         Glaive            |       |    33 |    29 ||    62
         Punch             |       |     1 |     1 ||     2
    Use: Scroll            |       |     1 |     1 ||     2
   Stab: Sleeping          |     1 |     7 |     2 ||    10
 Armour: Skin              |     8 |    14 |    27 ||    49
  Dodge: Dodged            |     5 |    27 |    78 ||   110

Table legend: (Time is in decaauts)
 A = Elapsed time spent in this place.
 B = Non-inter-level travel time spent in this place.
 C = Inter-level travel time spent in this place.
 D = Time resting spent in this place.
 E = Time spent auto-exploring this place.
 F = Levels seen in this place.
 G = Mean time per level.
                   A        B        C        D        E       F      G
               +--------+--------+--------+--------+--------+-----+--------+
         Total |   1129 |   1123 |      6 |    397 |    127 |   6 |  188.2 |
       Dungeon |   1113 |   1107 |      6 |    397 |    127 |   5 |  222.6 |
        Temple |     16 |     16 |      0 |      0 |      0 |   1 |   16.0 |
               +--------+--------+--------+--------+--------+-----+--------+

Top non-repeatable levels by time:
     D:5: 451 daAuts
     D:6: 344 daAuts
     D:4: 269 daAuts
     D:3: 44 daAuts
  Temple: 16 daAuts
     D:7: 3 daAuts
